 Dungeon Crawl Stone Soup version 0.21.1-1-g345015f (webtiles) character file.

45 shakethe the Covered (level 3, 0/24 HPs)
             Began as a Gargoyle Fighter on Feb 15, 2018.
             Slain by an orc wizard
             ... wielding a +0 dagger
              (3 damage)
             ... on level 3 of the Dungeon.
             The game lasted 00:01:12 (1027 turns).

shakethe the Covered (Gargoyle Fighter)             Turns: 1027, Time: 00:01:13

Health: 0/24       AC: 10    Str: 19    XL:     3   Next: 64%
Magic:  3/3        EV:  7    Int:  9    God:
Gold:   59         SH:  9    Dex:  9    Spells: 2/2 levels left

rFire    . . .     SeeInvis .   a - +0 war axe
rCold    . . .     Gourm    .   e - +0 shield (curse)
rNeg     + . .     Faith    .   b - +0 scale mail
rPois    ∞         Spirit   .   (no helmet)
rElec    +         Reflect  .   (no cloak)
rCorr    .         Harm     .   (no gloves)
MR       .....                  (no boots)
Stlth    ..........             (no amulet)
HPRegen  0.08/turn              (no ring)
MPRegen  0.08/turn              (no ring)

@: no status effects
A: negative energy resistance 1, electricity resistance, unbreathing,
petrification resistance, rot immunity, AC +3
a: no special abilities


You were on level 3 of the Dungeon.
You were hungry.

You visited 1 branch of the dungeon, and saw 3 of its levels.

You collected 59 gold pieces.

Inventory:

Hand Weapons
 a - a +0 war axe (weapon)
Armour
 b - a +0 scale mail (worn)
 c - a +0 shield
 e - a cursed +0 shield (worn)
   (You found it on level 1 of the Dungeon)
Jewellery
 j - an uncursed ring of magical power {unknown}
   (You found it on level 1 of the Dungeon)
 s - an uncursed ring of ice {unknown}
   (You found it on level 3 of the Dungeon)
Wands
 r - a wand of clouds (3)
   (You found it on level 3 of the Dungeon)
Scrolls
 g - 2 scrolls of identify {unknown}
 h - a scroll of enchant armour {unknown}
 l - 2 scrolls of magic mapping {unknown}
 o - a scroll of blinking {unknown}
 p - a scroll of remove curse {unknown}
 q - a scroll of teleportation {unknown}
Potions
 d - a potion of might
 i - a potion of berserk rage {unknown}
 k - a potion of curing {unknown}
 m - 2 potions of degeneration {unknown}
 n - a potion of haste {unknown}
 t - a potion of heal wounds {unknown}
Comestibles
 f - 5 rations


   Skills:
 + Level 3.7 Fighting
 * Level 2.8 Axes
 + Level 3.7 Armour
 - Level 3.2 Shields


You had 2 spell levels left.
You didn't know any spells.

Dungeon Overview and Level Annotations

Branches:
Dungeon (3/15)

Altars:
Qazlal


Innate Abilities, Weirdness & Mutations

You are resistant to torment.
Your stone body is resilient. (AC +3)
You are immune to poison.
You resist negative energy. (rN+)
You are resistant to electric shocks. (rElec)
You can survive without breathing.
You are immune to petrification.
You are immune to rotting.


Message History

You closely miss the adder. You block the adder's attack. The adder bites you.
You take 2 damage, and have 19/24 hp.
You closely miss the adder. You block the adder's attack.
The adder bites you but does no damage.
You closely miss the adder. The adder bites you. The adder closely misses you.
You take 1 damage, and have 18/24 hp.
An adder is nearby!
You closely miss the adder. The adder bites you but does no damage.
You block the adder's attack.
You slash the adder!
You kill the adder!
No target in view!
No target in view!
No target in view!
No target in view!
No target in view!
No target in view!
No target in view!
No target in view!
No target in view!
No target in view!
No target in view!
You are feeling hungry.
No target in view!
No target in view!
No target in view!
No target in view!
No target in view!
No target in view!
No target in view!
No target in view!
No target in view!
No target in view!
No target in view!
An orc wizard comes into view. It is wielding a dagger.
The orc wizard shouts!
You hear a shout! 3 orcs come into view.
The orc shouts! x2
The orc wizard gestures wildly while chanting.
The orc wizard flickers and vanishes!
Deactivating autopickup; reactivate with Ctrl-A.
You miss something. Something hits you. Something hits you but does no damage.
You closely miss something. Something hits you but does no damage.
A kobold comes into view.
You slash something! You block something's attack.
A giant cockroach comes into view.
You slash the orc!
You kill the orc!
The kobold throws a stone.
The stone hits you but does no damage.
You barely miss something. You block something's attack.
Something hits you but does no damage.
A leopard gecko comes into view.
You miss something.
The leopard gecko hisses angrily.
You hear some strange, mumbled words.
A magic dart appears from out of thin air!
The magic dart hits you!
You are too injured to fight recklessly!
You are too injured to fight recklessly!
You are too injured to fight recklessly!
You are too injured to fight recklessly!
You take 10 damage, and have 9/24 hp.
MASSIVE DAMAGE!!
You are too injured to fight recklessly!
You are too injured to fight recklessly!
You miss something.
Something hits you but does no damage. x2
You miss something. Something hits you but does no damage.
Your scale mail prevents you from hitting something.
Something hits you but does no damage.
You hear some strange, mumbled words.
A puff of flame appears from out of thin air!
The puff of flame hits you!
* * * LOW HITPOINT WARNING * * *
You take 3 damage, and have 6/24 hp.
You hear some strange, mumbled words.
Something tries to affect you, but you resist.
Something hits you but does no damage.
You miss something. Something hits you but does no damage.
You miss something.
You hear some strange, mumbled words.
A puff of flame appears from out of thin air!
The puff of flame hits you!
* * * LOW HITPOINT WARNING * * *
Something hits you but does no damage.
You take 5 damage, and have 2/24 hp.
MASSIVE DAMAGE!!
You barely miss something. Something hits you but does no damage.
Unknown command.
You miss something. Something hits you but does no damage.
You hear some strange, mumbled words.
You are confused.
You closely miss something. Something hits you but does no damage.
You're too confused to move!
Something hits you but does no damage.
You bump into the rock wall.
Something hits you but does no damage.
You miss something. Something hits you but does no damage.
You bump into the rock wall.
You feel less confused. Something hits you but does no damage.
You closely miss something. Something hits you.
You die... .....##.# #######.#.## #.... #.# #..........# #...# #.# #.#####.##.# sl.

#.# #.#####.(..# #o#
#.# #.......#### #o#
#.# #....#....# #.#
#.# #.##.#..#.#
#l####.###.##......#
#oo{@.........#.####
########.######.#
#.....##.#
#####.##.#


You could see 2 orcs and a leopard gecko.

Vanquished Creatures
  An adder (D:3)
  An ooze (D:1)
  A dart slug (D:2)
  A leopard gecko (D:1)
  An orc (D:3)
  2 bats
  A giant cockroach (D:2)
  3 goblins (D:1)
  2 hobgoblins
  4 jackals (D:3)
  2 kobolds
  A quokka (D:2)
  3 frilled lizards
  3 rats
26 creatures vanquished.

Notes
Turn   | Place    | Note
-------+----------+-------------------------------------------
     0 | D:1      | shakethe the Gargoyle Fighter began the quest for the Orb.
     0 | D:1      | Reached XP level 1. HP: 14/14 MP: 1/1
   110 | D:1      | Reached skill level 2 in Axes
   253 | D:1      | Reached XP level 2. HP: 19/19 MP: 2/2
   724 | D:2      | Reached XP level 3. HP: 21/23 MP: 3/3
   801 | D:2      | You fall through a shaft!
   935 | D:3      | Found a stormy altar of Qazlal.
  1010 | D:3      | HP: 6/24 [something/puff of flame (3)]
  1019 | D:3      | HP: 2/24 [something/puff of flame (5)]
  1027 | D:3      | Slain by an orc wizard

Skill      XL: |  1 |
---------------+----+-----
Axes           | 2 |  2.8
Fighting       | |  3.7
Armour         | |  3.7
Shields        | |  3.2

Action                   || total
-------------------------++-------
Melee: War axe           ||   109
Armor: Scale mail        ||    68
Dodge: Dodged            ||    32
Block: Shield            ||    76

Vault maps used:
D:1:      dpeg_arrival_rhombi, minmay_heptomino_o4
D:3:      grunt_qazlal_sundering

Table legend:
 A = Turns spent in this place as a percentage of turns spent in the entire game.
 B = Non-inter-level travel turns spent in this place as a percentage of non-inter-level travel turns spent in the entire game.
 C = Inter-level travel turns spent in this place as a percentage of turns spent in this place.
 D = Turns resting spent in this place as a percentage of non-inter-level travel turns spent in this place.
 E = Turns spent auto-exploring this place as a percentage of non-inter-level travel turns spent in this place.
 F = Non-inter-level travel turns spent in this place divided by the number of levels of this place that you've seen.
                   A       B       C       D       E      F
               +-------+-------+-------+-------+-------+----------------------
         Total | 100.0 | 100.0 |   4.0 |   0.0 |  77.7 | 328.7
       Dungeon | 100.0 | 100.0 |   4.0 |   0.0 |  77.7 | 328.7
               +-------+-------+-------+-------+-------+----------------------

Table legend:
 A = Kills in this place as a percentage of kills in entire the game.
 B = Kills by you in this place as a percentage of kills by you in the entire game.
 C = Kills by friends in this place as a percentage of kills by friends in the entire game.
 D = Other kills in this place as a percentage of other kills in the entire game.
 E = Experience gained in this place as a percentage of experience gained in the entire game.
 F = Experience gained in this place divided by the number of levels of this place that you have seen.
                   A       B       C       D       E      F
               +-------+-------+-------+-------+-------+----------------------
         Total | 100.0 | 100.0 |   N/A |   N/A | 100.0 |  21.7
       Dungeon | 100.0 | 100.0 |   N/A |   N/A | 100.0 |  21.7
               +-------+-------+-------+-------+-------+----------------------
